 Dungeon Crawl Stone Soup version 0.31.0-32-g396128a36d (webtiles) character file.

Game seed: 16773148368841824255

186 mainiacjoe the Digger (level 5, -9/31 HPs)
             Began as an Octopode Earth Elementalist on Mar 17, 2024.
             Killed by nerve-wracking pain
             ... invoked by Grinder
              (14 damage)
             ... while paralysed by Grinder
             ... on level 3 of the Dungeon.
             The game lasted 00:06:24 (2572 turns).

mainiacjoe the Digger (Octopode Earth Elementalist) Turns: 2572, Time: 00:06:25

Health: -9/31      AC:  1    Str:  7    XL:     5   Next: 66%
Magic:  0/8        EV:  2    Int: 17    God:
Gold:   94         SH:  0    Dex: 15    Spells: 1/8 levels left

rFire   . . .        a - staff of earth
rCold   . . .        (no shield)
rNeg    . . .        (helmet restricted)
rPois   .            (no amulet)
rElec   .            (no ring)
rCorr   .            (no ring)
SInv    .            (no ring)
Will    .....        (no ring)
Stlth   ++++         (no ring)
HPRegen 0.25/turn    (no ring)
MPRegen 0.11/turn    (no ring)
                     (no ring)

%: no passive effects
@: paralysed
A: almost no armour, amphibious, 8 rings, camouflage 1, gelatinous body 1,
(nimble swimmer 1), tentacles
a: no special abilities


You were on level 3 of the Dungeon.
You visited 1 branch of the dungeon, and saw 3 of its levels.

You collected 94 gold pieces.

Inventory:

Hand Weapons
 b - a +0 sling
 o - a +0 short sword
Missiles
 e - 32 stones
 g - 9 poisoned darts
 p - 2 boomerangs
Magical Staves
 a - a staff of earth (weapon)
Scrolls
 d - a scroll of enchant weapon
 i - a scroll of teleportation
Potions
 c - a potion of heal wounds
 f - a potion of magic
 h - a potion of lignification {unknown}
 j - 2 potions of mutation
 k - 3 potions of curing
 l - 4 potions of attraction {unknown}
 m - a potion of experience {unknown}
 n - a potion of haste {unknown}


   Skills:
 + Level 1.8 Short Blades
 - Level 2.0 Dodging
 + Level 4.8 Stealth
 - Level 2.0 Spellcasting
 - Level 1.0 Conjurations
 * Level 5.0 Earth Magic


You had one spell level left.
You knew the following spells:

 Your Spells              Type           Power      Damage    Failure   Level
a - Sandblast             Erth           56%        2d13      2%          1
b - Passwall              Erth           28%        N/A       8%          3
c - Stone Arrow           Conj/Erth      34%        3d9       17%         3

Your spell library contained the following spells:

 Spells                   Type           Power      Damage    Failure   Level
 Foxfire                  Conj/Fire      12%        2x1d4     16%         1
 Ensorcelled Hibernation  Hex/Ice        2%         N/A       28%         2
 Fugue of the Fallen      Necr           1%         N/A       50%         3
 Ozocubu's Armour         Ice            1%         N/A       50%         3
 Brom's Barrelling Bould  Conj/Erth      17%        2d4       50%         4
 Petrify                  Alch/Erth      15%        N/A       56%         4
 Anguish                  Hex/Necr       0%         N/A       88%         4
 Manifold Assault         Tloc           1%         N/A       88%         4
 Plasma Beam              Fire/Air       0%         2x1d10    100%        6
 Starburst                Conj/Fire      1%         6d3       100%        6


Dungeon Overview and Level Annotations

Branches:
Dungeon (3/15)

Altars:
Hepliaklqana
Sif Muna

Annotations:
D:3 Grinder


Innate Abilities, Weirdness & Mutations

You cannot wear most types of armour.
You are amphibious.
You can wear up to eight rings at the same time.
Your skin changes colour to match your surroundings (Stealth+).
Your rubbery body absorbs attacks. (AC +1, EV +1)
((You are camouflaged when in or above water. (Stealth+)))
You have tentacles for arms and can constrict up to eight enemies at once.


Message History

You feel a surge of power!
The blast of sand hits Grinder!
Grinder is severely wounded.
Grinder gestures at you.
You suddenly lose the ability to move!
You can move again.
Casting: Sandblast (safe; 2% risk of failure)
Confirm with . or Enter, or press ? or * to list all spells.
Aiming: Sandblast (safe; 2% risk of failure)
Press: ? - help, Shift-Dir - straight line, f/p - Grinder
Aim: Grinder (severely wounded, 81% to hit)
You feel a surge of power!
The blast of sand misses Grinder.
Grinder gestures at you. Pain shoots through your body!
Casting: Sandblast (safe; 2% risk of failure)
Confirm with . or Enter, or press ? or * to list all spells.
Aiming: Sandblast (safe; 2% risk of failure)
Press: ? - help, Shift-Dir - straight line, f/p - Grinder
Aim: Grinder (severely wounded, 81% to hit)
You feel a surge of power!
The blast of sand hits Grinder!
Grinder is severely wounded.
Grinder gestures at you. You resist with significant effort.
Casting: Sandblast (safe; 2% risk of failure)
Confirm with . or Enter, or press ? or * to list all spells.
Aiming: Sandblast (safe; 2% risk of failure)
Press: ? - help, Shift-Dir - straight line, f/p - Grinder
Aim: Grinder (severely wounded, 81% to hit)
You feel a surge of power!
The blast of sand hits Grinder.
Grinder is almost dead.
Grinder closely misses you. Grinder gestures at you.
You suddenly lose the ability to move!
Grinder says, "You look like you could use a good racking."
Grinder gestures at you. Pain shoots through your body!
* * * LOW HITPOINT WARNING * * *
Grinder gestures at you. Pain shoots through your body!
You die...
Grinder sighs, "Dead already?
I want a refund."

.# #.## #.#
.####.# #)#
......# #.#
#.>..##
#.#######
#....#
#........ #
#....#
#####.#######.#
#....#
#.†...........#
#....#
#...#..#5....#.
###### #..
#..#)@...# #..
##.##...## #.
#.)#)..# ..
##.##.## #
#..#)# ##o###
.5# ..# ...


You could see Grinder.

Vanquished Creatures
  Jessica (D:3)
  Robin (D:2)
  5 gnolls
  2 adders (D:2)
  A dart slug (D:1)
  6 orcs (D:3)
  4 ball pythons
  9 bats
  6 endoplasms
  A giant cockroach (D:2)
  8 hobgoblins
  3 quokkas
  5 frilled lizards
  14 goblins
  5 kobolds
  4 rats
75 creatures vanquished.

Notes
Turn   | Place    | Note
-------+----------+-------------------------------------------
     0 | D:1      | mainiacjoe the Octopode Earth Elementalist began the quest
                  | for the Orb.
     0 | D:1      | Reached XP level 1. HP: 11/11 MP: 3/3
   274 | D:1      | Reached XP level 2. HP: 17/17 MP: 1/5
   981 | D:2      | Reached XP level 3. HP: 21/21 MP: 4/6
  1114 | D:2      | Reached skill level 4 in Earth Magic
  1481 | D:2      | Reached XP level 4. HP: 27/27 MP: 5/7
  1573 | D:2      | Noticed Robin
  1579 | D:2      | Killed Robin
  1604 | D:2      | Reached skill level 1 in Short Blades
  1768 | D:2      | Reached XP level 5. HP: 19/31 MP: 1/8
  1903 | D:2      | Learned a level 3 spell: Passwall
  1907 | D:2      | Learned a level 3 spell: Stone Arrow
  2058 | D:3      | Found a shimmering blue altar of Sif Muna.
  2082 | D:3      | Noticed Jessica
  2087 | D:3      | Killed Jessica
  2291 | D:3      | Found a hazy altar of Hepliaklqana.
  2482 | D:3      | Noticed Grinder
  2545 | D:3      | Reached skill level 5 in Earth Magic
  2566 | D:3      | Paralysed by Grinder for 2 turns
  2570 | D:3      | Paralysed by Grinder for 4 turns
  2572 | D:3      | Killed from afar by Grinder

Illustrated notes

Levels and vault maps discovered:
D:1:      beargit_arrival_diablo_church, layout_rooms
D:2:      layout_loops_ring, minmay_bisected, uniq_robin
D:3:      layout_rooms, overflow_temple_1_default, old_standard_altar,
          chequers_ecumenical_altar_grove, minmay_unequal, uniq_grinder,
          uniq_jessica

Skill      XL: |  1  2  3  4  5 |
---------------+----------------+-----
Stealth        | 3 4 |  4.8
Earth Magic    | 4 5 |  5.0
Short Blades   | 1 |  1.8
Dodging        | |  2.0
Spellcasting   | |  2.0
Conjurations   | |  1.0

Action                     |  1- 3 |  4- 6 || total
---------------------------+-------+-------++-------
  Melee: Constrict         |     2 |       ||     2
         Unarmed           |     1 |       ||     1
         Tentacles         |     1 |       ||     1
         Short sword       |     1 |       ||     1
   Fire: Sling             |       |    27 ||    27
  Throw: Stone             |     3 |       ||     3
   Cast: Sandblast         |    57 |    48 ||   105
         Stone Arrow       |       |     1 ||     1
    Use: Scroll            |     5 |     2 ||     7
 Armour: Skin              |     9 |    11 ||    20
  Dodge: Dodged            |     9 |     9 ||    18
